 Dungeon Crawl Stone Soup version 0.30-a0-782-ge64f9170bb (webtiles) character file.

Game seed: 14509311602566256008

140 theswoord the Chopper (level 5, 0/38 HPs)
             Began as a Demonspawn Gladiator on Feb 21, 2023.
             Constricted to death by Natasha (5 damage)
             ... on level 3 of the Dungeon.
             The game lasted 00:02:10 (1931 turns).

theswoord the Chopper (Demonspawn Gladiator)        Turns: 1931, Time: 00:02:10

Health: 0/38       AC: 17    Str: 16    XL:     5   Next: 2%
Magic:  5/5        EV:  7    Int: 10    God:
Gold:   91         SH:  0    Dex: 14    Spells: 4/4 levels left

rFire   . . .      SeeInvis +    a - +0 war axe
rCold   . . .      Faith    .    (no shield)
rNeg    . . .      Spirit   .    g - +0 scale mail
rPois   .          Reflect  .    p - +2 helmet {SInv}
rElec   .          Harm     .    m - +1 cloak
rCorr   .          Rampage  .    (no gloves)
Will    .....                    (no boots) Stlth
                                 (no amulet)
HPRegen 0.26/turn                (no ring)
MPRegen 0.09/turn                (no ring)

@: grasped by roots, sanguine armoured, constricted
A: sanguine armour 1, demonic magic 1, demonic touch 1
a: no special abilities


You were on level 3 of the Dungeon.
You visited 1 branch of the dungeon, and saw 3 of its levels.

You collected 91 gold pieces.

Inventory:

Hand Weapons
 a - a +0 war axe (weapon)
Missiles
 d - 3 throwing nets (quivered)
 e - a javelin
Armour
 b - a +0 leather armour
 c - a +0 helmet
 g - a +0 scale mail (worn)
 m - a +1 cloak (worn)
 p - a +2 helmet of see invisible (worn)
Jewellery
 i - a ring of magical power
Scrolls
 k - 3 scrolls of amnesia
 n - 2 scrolls of identify
Potions
 f - 6 potions of curing
 h - a potion of haste
 j - a potion of magic {unknown}
 l - 2 potions of mutation
 o - a potion of resistance {unknown}


   Skills:
 - Level 2.0 Fighting
 + Level 5.2 Axes
 - Level 1.7 Throwing
 - Level 2.6 Dodging


You had 4 spell levels left.
You didn't know any spells.
Your spell library contained the following spells:

 Spells                   Type           Power      Damage    Failure   Level
 Gell's Gravitas          Tloc           0%         N/A       99%         3
 Teleport Other           Tloc           0%         N/A       99%         3
 Dispersal                Tloc           0%         N/A       100%        6


Dungeon Overview and Level Annotations

Branches:
Dungeon (3/15)

Altars:

Annotations:
D:3 Natasha


Innate Abilities, Weirdness & Mutations

When seriously injured, your blood forms armour. (AC +6)
Spells you cast may paralyse adjacent enemies.
Your touch may inflict minor irresistible damage on your foes.


Message History

Your Axes skill increases to level 5!
You barely miss the orc priest. Your touch misses the orc priest.
You slash the endoplasm!
You kill the endoplasm!
You barely miss Natasha.
The orc priest invokes the aid of Beogh against you.
Pain shoots through your body!
* * * LOW HITPOINT WARNING * * *
Natasha claws you.
* * * LOW HITPOINT WARNING * * *
The orc priest barely misses you.
Natasha zaps a wand.
The roots erupt in riotous growth!
The grasping roots grab you!
The orc priest is unaffected.
Natasha is unaffected.
The grasping roots constrict you.
You barely miss the orc priest. You miss Natasha.
The orc priest begins to cast a cantrip, but forgets the words!
Natasha claws you but does no damage. The grasping roots constrict you.
The grasping roots release their grip on you.
You hit the orc priest but do no damage.
You slash Natasha! The orc priest closely misses you.
Natasha zaps a wand.
The roots erupt in riotous growth!
The grasping roots grab you!
The orc priest is unaffected.
Natasha is unaffected.
The grasping roots constrict you.
You barely miss the orc priest. You slash Natasha!
The orc priest hits you but does no damage.
Natasha claws you but does no damage. The grasping roots constrict you.
* * * LOW HITPOINT WARNING * * *
You slash the orc priest!
You kill the orc priest!
You hit Natasha but do no damage. Natasha claws you.
* * * LOW HITPOINT WARNING * * *
The grasping roots constrict you. Natasha completely misses you.
The grasping roots constrict you.
* * * LOW HITPOINT WARNING * * *
You have reached level 5!
You miss Natasha. Your touch misses Natasha.
Natasha claws you but does no damage. The grasping roots constrict you.
You die...

######## #. #....... #
##. #....... #.#..
#....... #.#.. #.......
#.... #####.... .##....
#......##
......)#########......##
...$..h@.......'......+.
####..)#########......#.
#... #............#.
##+# #..............
#......#....... ....
#.....)#....... .....
####......#......# .)...
+..'.(....#......#
......####......########


You could see Natasha.

Vanquished Creatures
  An orc priest (D:3)
  An orc wizard (D:3)
  2 adders
  A worm (D:2)
  A dart slug (D:1)
  An orc (D:3)
  4 ball pythons
  4 endoplasms
  3 giant cockroaches
  6 goblins
  5 hobgoblins
  4 jackals (D:1)
  3 quokkas
  14 bats
  3 frilled lizards
  7 kobolds
  A rat (D:1)
61 creatures vanquished.

Notes
Turn   | Place    | Note
-------+----------+-------------------------------------------
     0 | D:1      | theswoord the Demonspawn Gladiator began the quest for the
                  | Orb.
     0 | D:1      | Reached XP level 1. HP: 16/16 MP: 1/1
    80 | D:1      | Reached skill level 3 in Axes
    87 | D:1      | Gained mutation: Spells you cast may paralyse adjacent
                  | enemies. [demonic ancestry]
    87 | D:1      | Reached XP level 2. HP: 22/22 MP: 2/2
   627 | D:1      | Gained mutation: Your touch may inflict minor irresistible
                  | damage on your foes. [demonic ancestry]
   627 | D:1      | Reached XP level 3. HP: 23/27 MP: 3/3
   929 | D:2      | Reached skill level 4 in Axes
  1033 | D:2      | Identified the +0 robe "Gojut" {rC+ Str+4}
  1572 | D:3      | Gained mutation: When seriously injured, your blood forms
                  | armour. (AC +6) [demonic ancestry]
  1572 | D:3      | Reached XP level 4. HP: 32/33 MP: 4/4
  1922 | D:3      | Noticed Natasha
  1926 | D:3      | Reached skill level 5 in Axes
  1931 | D:3      | Reached XP level 5. HP: 4/38 MP: 5/5
  1931 | D:3      | Constricted to death by Natasha

Skill      XL: |  1  2  3  4 |
---------------+-------------+-----
Axes           | 3 4 5 |  5.2
Fighting       | |  2.0
Throwing       | |  1.7
Dodging        | |  2.6

Action                     |  1- 3 |  4- 6 || total
---------------------------+-------+-------++-------
  Melee: War axe           |   123 |    21 ||   144
         Touch             |     7 |     1 ||     8
    Use: Scroll            |     7 |       ||     7
 Armour: Scale mail        |    79 |    13 ||    92
         Leather armour    |     2 |       ||     2
  Dodge: Dodged            |   100 |    12 ||   112

Levels and vault maps discovered:
D:1:      ebering_trefoil_3fold, layout_loops_corners, minmay_pentomino_u2
D:2:      layout_basic
D:3:      layout_basic, uniq_natasha
